 Dungeon Crawl Stone Soup version 0.30-a0-920-g7493c07aab (webtiles) character file.

Game seed: 18376493627031862062

281 oldmanjim the Trooper (level 6, -3/56 HPs)
             Began as a Minotaur Fighter on Mar 21, 2023.
             Slain by a gnoll
             ... wielding a +0 flail
             ... led by a gnoll bouda
              (7 damage)
             ... on level 5 of the Dungeon.
             The game lasted 00:10:18 (3359 turns).

oldmanjim the Trooper (Minotaur Fighter)            Turns: 3359, Time: 00:10:18

Health: -3/56      AC: 11    Str: 23    XL:     6   Next: 6%
Magic:  14/14      EV:  7    Int:  7    God:
Gold:   358        SH:  4    Dex:  9    Spells: 5/5 levels left

rFire   . . .      SeeInvis .    a - +0 war axe
rCold   . . .      Faith    .    c - +0 buckler
rNeg    . . .      Spirit   .    z - +0 chain mail
rPois   .          Reflect  .    (helmet restricted)
rElec   .          Rampage  .    (no cloak)
rCorr   +                        h - +0 pair of gloves
Will    .....                    (no boots) Stlth
                                 (no amulet)
HPRegen 0.29/turn                C - ring of Awnea {rCorr MP+9 Int+2}
MPRegen 0.14/turn                (no ring)

@: no status effects
A: horns 2, retaliatory headbutt
a: no special abilities


You were on level 5 of the Dungeon.
You visited 1 branch of the dungeon, and saw 5 of its levels.

You collected 358 gold pieces.

Inventory:

Hand Weapons
 a - a +0 war axe (weapon)
 b - a +0 sling
 w - a +3 dagger of draining
Missiles
 g - 31 stones (quivered)
 v - a throwing net
 y - 12 poisoned darts
 A - 3 boomerangs
Armour
 c - a +0 buckler (worn)
 h - a +0 pair of gloves (worn)
 p - a +0 scale mail
 z - a +0 chain mail (worn)
Jewellery
 C - the ring of Awnea (left hand) {rCorr MP+9 Int+2}
   (You found it on level 4 of the Dungeon)

   [ring of magical power]

   Int:       It affects your intelligence (+2).
   MP:        It affects your magic capacity (+9).
   rCorr:     It protects you from acid and corrosion.
Wands
 E - a wand of polymorph (12)
Scrolls
 e - a scroll of magic mapping {unknown}
 m - 4 scrolls of identify {unknown}
 q - a scroll of amnesia {unknown}
 r - a scroll of enchant weapon {unknown}
 s - 2 scrolls of teleportation {unknown}
 t - 2 scrolls of vulnerability {unknown}
 B - a scroll of torment {unknown}
 D - a scroll of immolation {unknown}
 F - a scroll of poison {unknown}
Potions
 d - 2 potions of might
 f - a potion of flight {unknown}
 i - a potion of ambrosia {unknown}
 j - 2 potions of haste {unknown}
 k - a potion of invisibility {unknown}
 l - 2 potions of attraction {unknown}
 n - a potion of cancellation {unknown}
 o - 2 potions of lignification {unknown}
 u - 2 potions of brilliance {unknown}
 x - a potion of berserk rage {unknown}
 G - 2 potions of mutation {unknown}


   Skills:
 + Level 5.3 Fighting
 + Level 4.5 Axes
 - Level 5.0 Armour
 - Level 5.0 Shields


You had 5 spell levels left.
You didn't know any spells.
Your spell library contained the following spells:

 Spells                   Type           Power      Damage    Failure   Level
 Ignite Poison            Fire/Tmut/Pois 0%         N/A       100%        3
 Kindle Blastsparks       Fire/Tloc/Air  0%         2d10      100%        3
 Freezing Cloud           Conj/Ice/Air   0%         6-21      100%        5


Dungeon Overview and Level Annotations

Branches:
Dungeon (5/15)
 Temple: D:4-7

Altars:
Hepliaklqana
Nemelex Xobeh
Wu Jian

Annotations:
D:2 1 runed translucent door, Crazy Yiuf
D:4 3 runed translucent doors, Pimp's ghost, amateur MfGl


Innate Abilities, Weirdness & Mutations

You have a pair of horns on your head.
You reflexively headbutt those who attack you in melee.


Message History

The gnoll hits you from afar with a +0 halberd.
The quokka attacks as you move away! The quokka barely misses you.
You furiously retaliate!
You headbutt the quokka. The quokka attacks as you move away!
You block the quokka's attack.
The gnoll is no longer moving quickly.
The quokka closely misses you. The quokka attacks as you move away!
The quokka bites you.
The gnoll is no longer moving quickly.
You are too injured to fight recklessly!
You are too injured to fight recklessly!
You are too injured to fight recklessly!
You closely miss the quokka.
The quokka is severely wounded.
The quokka twitches its whiskers.
The quokka bites you.
* * * LOW HITPOINT WARNING * * *
The gnoll bouda barks out a call to the hunt!
The gnolls pick up the pace!
The quokka closely misses you. You furiously retaliate!
You headbutt the quokka, but do no damage.
You hit the quokka.
You kill the quokka!
The gnoll hits you from afar with a +0 halberd.
* * * LOW HITPOINT WARNING * * *
Found a stone staircase leading down.
The gnoll attacks as you move away! The gnoll hits you but does no damage.
The gnoll bouda gazes fiercely through you!
You feel your attacks grow feeble. The gnoll attacks as you move away!
The gnoll hits you with a +0 flail.
* * * LOW HITPOINT WARNING * * *
The gnoll hits you but does no damage. The gnoll hits you with a +0 flail!
* * * LOW HITPOINT WARNING * * *
You barely miss the gnoll.
Your attacks no longer feel as feeble.
The gnoll barely misses you.
The gnoll is no longer moving quickly.
The gnoll bouda barks out a call to the hunt!
The gnoll picks up the pace!
The gnoll hits you with a +0 flail!
You die...

#.....# .
##.....#####....
#...............
#..#.g8))#......
#..##[.?##..#...
##..###### ..# .
#...##...##..# .
##...#..8.g#..#.... ###
#†.....gg.@........
#.>..##.###..############
#........## ######.>##
##..# #..# ##.######
#..##.[# #..#...##


You could see a gnoll bouda and 2 gnolls.

Vanquished Creatures
  A water moccasin zombie (D:3)
  Jessica (D:2)
  A hound zombie (D:3)
  Robin (D:3)
  A howler monkey zombie (D:3)
  2 gnolls (D:5)
  3 adders
  An adder skeleton (D:3)
  2 worms
  2 dart slugs
  6 orcs
  6 bats
  9 endoplasms
  2 giant cockroaches
  13 goblins
  11 hobgoblins
  4 jackals
  3 quokkas
  4 ball pythons
  5 frilled lizards
  12 kobolds
  6 rats
96 creatures vanquished.

Notes
Turn   | Place    | Note
-------+----------+-------------------------------------------
     0 | D:1      | oldmanjim the Minotaur Fighter began the quest for the Orb.
     0 | D:1      | Reached XP level 1. HP: 19/19 MP: 0/0
    74 | D:1      | Found a faded altar of an unknown god.
   107 | D:1      | Reached XP level 2. HP: 25/27 MP: 1/1
   917 | D:2      | Noticed Jessica
   925 | D:2      | Reached XP level 3. HP: 33/33 MP: 2/2
   934 | D:2      | Killed Jessica
   981 | D:2      | Found a runed translucent door.
   982 | D:2      | Noticed Crazy Yiuf
  1018 | D:2      | Reached XP level 4. HP: 39/40 MP: 3/3
  1081 | D:2      | Found an ornate altar of the Wu Jian Council.
  1459 | D:3      | Reached skill level 5 in Shields
  1488 | D:3      | Reached XP level 5. HP: 31/47 MP: 4/4
  1688 | D:3      | Noticed Robin
  1712 | D:3      | Killed Robin
  1961 | D:3      | Reached skill level 5 in Fighting
  1976 | D:3      | Found a sparkling altar of Nemelex Xobeh.
  2082 | D:3      | Found a hazy altar of Hepliaklqana.
  2364 | D:4      | Noticed Pimp's ghost (amateur MfGl)
  2365 | D:4      | Noticed an ice beast
  2377 | D:4      | Reached skill level 5 in Armour
  2440 | D:4      | Found a runed translucent gate.
  2482 | D:4      | Identified the ring of Awnea {rCorr MP+9 Int+2}
  2553 | D:4      | Found a runed translucent gate.
  2553 | D:4      | Found a runed translucent gate.
  3216 | D:5      | Entered Level 5 of the Dungeon
  3324 | D:5      | Reached XP level 6. HP: 55/56 MP: 5/5
  3359 | D:5      | Slain by a gnoll

Illustrated notes

Levels and vault maps discovered:
D:1:      dpeg_arrival_short_road, layout_loops_ring,
          hellmonk_ecumenical_altar_crossroads, st_stairs_13,
          minmay_misc_feat_pillars, kennysheep_nondescript,
          reono_crystal_passage
D:2:      layout_rooms, basic_altar, minmay_fractal_squares_gapless_5,
          uniq_crazy_yiuf_cottage, uniq_jessica
D:3:      layout_loops_ring, mainiacjoe_overflow_tiny_flanked,
          nemelex_xobeh_ov_fountains_minmay, serial_undead, serial_undead_e,
          serial_undead_c, serial_undead_d, serial_undead_f, serial_undead_b,
          uniq_robin
D:4:      layout_loops_cross, gammafunk_ghost_icy
D:5:      layout_cave_pods, minivault_23, fountainhead, mrwooster_statue_mirror

Skill      XL: |  1  2  3  4  5 |
---------------+----------------+-----
Shields        | 4 5 |  5.0
Armour         | 4 5 |  5.0
Fighting       | 4 5 |  5.3
Axes           | 3 4 |  4.5

Action                     |  1- 3 |  4- 6 || total
---------------------------+-------+-------++-------
  Melee: War axe           |    60 |   132 ||   192
         Headbutt          |     8 |    22 ||    30
  Throw: Stone             |       |     2 ||     2
 Armour: Scale mail        |    27 |    43 ||    70
         Chain mail        |       |    17 ||    17
  Dodge: Dodged            |    28 |    55 ||    83
  Block: Buckler           |    17 |    27 ||    44

Table legend: (Time is in decaauts)
 A = Elapsed time spent in this place.
 B = Non-inter-level travel time spent in this place.
 C = Inter-level travel time spent in this place.
 D = Time resting spent in this place.
 E = Time spent auto-exploring this place.
 F = Levels seen in this place.
 G = Mean time per level.
                   A        B        C        D        E       F      G
               +--------+--------+--------+--------+--------+-----+--------+
         Total |   3426 |   3270 |    156 |      0 |   2667 |   5 |  685.2 |
       Dungeon |   3426 |   3270 |    156 |      0 |   2667 |   5 |  685.2 |
               +--------+--------+--------+--------+--------+-----+--------+

Top non-repeatable levels by time:
     D:3: 939 daAuts
     D:4: 897 daAuts
     D:1: 894 daAuts
     D:2: 548 daAuts
     D:5: 146 daAuts
